 Dungeon Sprint DCSS version 0.30-a0-297-g0ec75d9ef4 (webtiles) character file.

Game seed: 6299529153731448728

623 Low2 the Cruncher (level 7, -5/81 HPs)
             Began as an Ogre Gladiator on Oct 19, 2022.
             Was an Initiate of Wu Jian.
             Slain by an orange demon (11 damage)
             ... summoned by a kobold demonologist
             ... while paralysed by a floating eye
             ... in the Dungeon (Sprint I: "Red Sonja").
             The game lasted 00:04:38 (612 turns).

Low2 the Cruncher (Ogre Gladiator)                   Turns: 612, Time: 00:04:38

Health: -5/81      AC:  3    Str: 19      XL:     7   Next: 47%
Magic:  7/7        EV:  1    Int:  9      God:    Wu Jian [......]
Gold:   420        SH:  0    Dex:  7 (12) Spells: 6/6 levels left

rFire   . . .      SeeInvis +    a - +0 quarterstaff
rCold   . . .      Faith    .    (shield currently unavailable)
rNeg    . . .      Spirit   .    b - +0 robe
rPois   .          Reflect  .    c - +0 hat
rElec   .          Harm     .    (no cloak)
rCorr   .          Rampage  .    (gloves unavailable)
Will    .....      NoTele   +    (boots unavailable)
Stlth   +.........               (no amulet)
HPRegen 0.33/turn                j - ring of see invisible
MPRegen 0.10/turn                (no ring)

@: paralysed
A: large, unfitting armour, tough skin 1
a: Renounce Religion


You were in the Dungeon.
You worshipped Wu Jian.
Wu Jian was noncommittal.
You visited 1 branch You collected 420 gold pieces.

Inventory:

Hand Weapons
 a - a +0 quarterstaff (weapon)
Armour
 b - a +0 robe (worn)
 c - a +0 hat (worn)
Jewellery
 j - a ring of see invisible (left hand)
Scrolls
 k - a scroll of blinking
Potions
 h - a potion of haste
 i - 2 potions of magic


   Skills:
 + Level 8.5 Fighting
 + Level 10.9 Staves
 + Level 6.0 Throwing
 + Level 8.0 Dodging
 + Level 0.5 Stealth


You had 6 spell levels left.
You didn't know any spells.
Your spell library was empty.

Dungeon Overview and Level Annotations

Branches:
Dungeon (1/1)

Altars:
Cheibriados
Dithmenos
Elyvilon
Fedhas
Gozag
Hepliaklqana
Kikubaaqudgha
Makhleb
Nemelex Xobeh
Okawaru
Qazlal
Ru
Sif Muna
Trog
Uskayaw
Vehumet
Wu Jian
Xom
Yredelemnul
Zin
The Shining One
Jiyva
Lugonu

Shops:
D [


Innate Abilities, Weirdness & Mutations

You are too large for most types of armour.
You have tough skin. (AC +1)


Message History

The ynoxinul gestures.
The orange demon misses you.
The kobold demonologist closely misses you.
The floating eye gazes piercingly through you!
You suddenly lose the ability to move!
The kobold demonologist gestures wildly while chanting.
The quasit gives a chilling moan.
The quasit bites you.
You feel clumsy.
The quasit claws you but does no damage. x2
The ynoxinul hits you. The orange demon stings you from afar.
The kobold demonologist hits you with a +0 dagger.
The floating eye's view fixates on you.
The kobold demonologist hits you with a +0 dagger.
The quasit bites you.
You feel clumsy. The quasit barely misses you.
The quasit claws you but does no damage.
The ufetubus looks even sicker.
The ynoxinul hits you!
* * * LOW HITPOINT WARNING * * *
The orange demon stings you from afar!
* * * LOW HITPOINT WARNING * * *
The quasit bites you but does no damage.
The quasit claws you but does no damage. x2
The floating eye gazes piercingly through you!
You shrug off the repeated paralysis!
The kobold demonologist hits you with a +0 dagger.
* * * LOW HITPOINT WARNING * * *
The kobold demonologist looks satisfied for a moment.
The ufetubus looks even sicker.
The ynoxinul hits you but does no damage.
The quasit bites you.
* * * LOW HITPOINT WARNING * * *
The quasit claws you.
* * * LOW HITPOINT WARNING * * *
You feel clumsy. The quasit claws you.
* * * LOW HITPOINT WARNING * * *
The orange demon stings you from afar!
You die...

######################
.))..#.)'..#_5#3@KG5(#
..#..'..#○°°○555K#44.#
####'#####°#_5#### 5.+
###..#...#.#### ##
__####..##.#
_____##'#_.+
_.∩...'..._#
_..__##_.#'#
_____###+#.#


You could see an orange demon (summoned, poisoned), 2 kobold demonologists, a
ynoxinul (summoned), a red devil (summoned), a floating eye, an iron imp
(summoned), 2 quasits, a crimson imp (summoned), a shadow imp (summoned) and an
ufetubus (summoned).

Vanquished Creatures
  A slime creature (D)
  Sigmund (D)
  A yak (D)
  An ogre (D)
  A jelly (D)
  Ijyb (D)
6 creatures vanquished.

Notes
Turn   | Place    | Note
-------+----------+-------------------------------------------
     0 | D        | Low2 the Ogre Gladiator began the quest for the Orb.
     0 | D        | Reached XP level 1. HP: 22/22 MP: 1/1
     2 | D        | Noticed Ijyb
    19 | D        | Killed Ijyb
    20 | D        | Reached skill level 4 in Staves
    20 | D        | Reached XP level 2. HP: 24/32 MP: 2/2
    20 | D        | Reached XP level 3. HP: 30/39 MP: 3/3
    56 | D        | Noticed an ogre
    58 | D        | Killed an ogre
    59 | D        | Reached skill level 5 in Fighting
    59 | D        | Reached skill level 6 in Staves
    59 | D        | Reached skill level 5 in Dodging
    59 | D        | Reached XP level 4. HP: 50/50 MP: 4/4
    80 | D        | Noticed Sigmund
   102 | D        | Killed Sigmund
   103 | D        | Reached skill level 8 in Staves
   103 | D        | Reached XP level 5. HP: 8/61 MP: 5/5
   103 | D        | Reached XP level 6. HP: 9/68 MP: 6/6
   299 | D        | Found an ornate altar of the Wu Jian Council.
   299 | D        | Found a shimmering blue altar of Sif Muna.
   301 | D        | Found a radiant altar of Vehumet.
   345 | D        | Became a worshipper of the Wu Jian Council
   357 | D        | Found a burning altar of Makhleb.
   357 | D        | Found a viscous altar of Jiyva.
   357 | D        | Found a shimmering altar of Xom.
   357 | D        | Found a corrupted altar of Lugonu.
   357 | D        | Noticed a slime creature
   370 | D        | Killed a slime creature
   371 | D        | Reached skill level 10 in Staves
   371 | D        | Reached skill level 5 in Throwing
   371 | D        | Reached XP level 7. HP: 34/79 MP: 7/7
   554 | D        | Found Ynisoow's Armour Emporium.
   554 | D        | Found an ancient bone altar of Kikubaaqudgha.
   554 | D        | Found a hazy altar of Hepliaklqana.
   554 | D        | Found a stormy altar of Qazlal.
   554 | D        | Found a hide-covered altar of Uskayaw.
   554 | D        | Found a blossoming altar of Fedhas.
   554 | D        | Found a bloodstained altar of Trog.
   554 | D        | Found an iron altar of Okawaru.
   554 | D        | Found a basalt altar of Yredelemnul.
   554 | D        | Found a glowing golden altar of the Shining One.
   554 | D        | Found a snail-covered altar of Cheibriados.
   554 | D        | Found a sacrificial altar of Ru.
   554 | D        | Found a glowing silver altar of Zin.
   554 | D        | Found a shadowy altar of Dithmenos.
   554 | D        | Found a white marble altar of Elyvilon.
   554 | D        | Noticed a yak
   555 | D        | Found an opulent altar of Gozag.
   560 | D        | Killed a yak
   561 | D        | Found a sparkling altar of Nemelex Xobeh.
   587 | D        | Noticed a kobold demonologist
   587 | D        | Noticed a kobold demonologist
   588 | D        | Paralysed by a floating eye for 4 turns
   593 | D        | Noticed a ynoxinul
   599 | D        | Paralysed by a floating eye for 2 turns
   606 | D        | Noticed an orange demon
   608 | D        | Noticed a red devil
   609 | D        | Paralysed by a floating eye for 4 turns
   612 | D        | Slain by an orange demon

Illustrated notes

Levels and vault maps discovered:
D:        dungeon_sprint_1 [red_sonja_temple_1, red_sonja_temple_small_1]

Skill      XL: |  1  2  3  4  5  6  7 |
---------------+----------------------+-----
Fighting       | 3 5 6 7 8 |  8.5
Staves         | 4 6 8 10 | 10.9
Dodging        | 4 5 7 8 |  8.0
Throwing       | 3 4 5 6 |  6.0
Stealth        | |  0.5

Action                   |  1- 3 |  4- 6 |  7- 9 || total
-------------------------+-------+-------+-------++-------
Melee: Quarterstaff      |    12 |    25 |    18 ||    55
Throw: Throwing net      |     3 |     1 |       ||     4
       Large rock        |     1 |     3 |     2 ||     6
Invok: Lunge             |       |       |     1 ||     1
  Use: Potion            |       |     1 |     2 ||     3
       Scroll            |       |       |     1 ||     1
 Stab: Sleeping          |       |       |     1 ||     1
Armor: Robe              |       |     2 |    14 ||    16
Dodge: Dodged            |     5 |     8 |    24 ||    37

Table legend: (Time is in decaauts)
 A = Elapsed time spent in this place.
 B = Non-inter-level travel time spent in this place.
 C = Inter-level travel time spent in this place.
 D = Time resting spent in this place.
 E = Time spent auto-exploring this place.
 F = Levels seen in this place.
 G = Mean time per level.
                   A        B        C        D        E       F      G
               +--------+--------+--------+--------+--------+-----+--------+
         Total |    621 |    621 |      0 |    354 |      0 |   1 |  621.0 |
       Dungeon |    621 |    621 |      0 |    354 |      0 |   1 |  621.0 |
               +--------+--------+--------+--------+--------+-----+--------+

Top non-repeatable levels by time:
       D: 621 daAuts
